cohdb
Replays
Latest Replays
All Replays
Popular Replays
Top Player Replays
Match Explorer
How It Works
Community
CoH3 Stats
Reddit
Sign in to upload your games and track your stats! →
Sign in with Steam
Match 21854936
Unlisted
Match 21854936
Overview
Messages
Build Orders
End
Construct Infanterie Kompanie
Kettenkrad Recon Vehicle
Selects Mechanized Battlegroup
MG 42 Machine Gun Team
Grenadier Squad
Grenadier Squad
GrW 34 Mortar Team
Construct Panzergrenadier Kompanie
Panzergrenadier Squad
Panzergrenadier Squad
Construct Panzer Kompanie
Selects Mobile Repair Stations
Medical Station
Selects Wespe Self-propelled Artillery
Pak 40 Anti-tank Gun Team
Panzer IV Medium Tank
Selects Raid Package
Stoßtruppen Squad
Stoßtruppen Squad
Selects 8 Rad Armored Car
Selects UNKNOWN (2160084)
Selects Zeroing Artillery Barrage
Wespe Self-propelled Artillery
Zeroing Artillery Barrage
Panzer Officer Quarters
Panzer IV Medium Tank
Zeroing Artillery Barrage
Panzer IV Medium Tank
UH|ck
Sof Ya Nos
0
0
Comments
sign in to comment!
No comments posted yet!